 Dungeon Crawl Stone Soup version 0.21-a0-200-gb89f83b (webtiles) character file.

8 tehllama the Insei (level 2, 0/18 HPs)
             Began as an Octopode Transmuter on Aug 17, 2017.
             Slain by a goblin (1 damage)
             ... on level 1 of the Dungeon.
             The game lasted 00:00:30 (230 turns).

tehllama the Insei (Octopode Transmuter)             Turns: 230, Time: 00:00:31

Health: 0/18       AC:  1    Str:  9    XL:     2   Next: 8%
Magic:  2/5        EV: 13    Int: 15    God:
Gold:   49         SH:  0    Dex: 12    Spells: 4/5 levels left

rFire    . . .     SeeInvis .     - Unarmed
rCold    . . .     Gourm    .   (no shield)
rNeg     . . .     Faith    .   (helmet restricted)
rPois    .         Spirit   .   (no amulet)
rElec    .         Reflect  .   (no ring)
rCorr    .         Harm     .   (no ring)
MR       .....                  (no ring)
Stlth    ++........             (no ring)
HPRegen  0.06/turn              (no ring)
MPRegen  0.09/turn              (no ring)
                                (no ring)
                                (no ring)

@: appendage, very slightly contaminated
A: almost no armour, stealthy swim, amphibious, 8 rings, constrict 8, tentacle
spike 3, camouflage 1, gelatinous body 1
a: End Transformation


You were on level 1 of the Dungeon.
You were not hungry.
One of your tentacles had a temporary spike.
You visited 1 branch of the dungeon, and saw 1 of its levels.

You collected 49 gold pieces.

Inventory:

Missiles
 a - 12 arrows
Scrolls
 e - a scroll of blinking {unknown}
 i - a scroll of magic mapping {unknown}
Potions
 d - a potion of degeneration {unknown}
 h - a potion of cancellation {unknown}
Books
 b - a book of Changes

   Spells                             Type                      Level
   a - Beastly Appendage              Transmutation                1
   b - Sticks to Snakes               Transmutation                2
   c - Spider Form                    Transmutation/Poison         3
   d - Ice Form                       Ice/Transmutation            4
   e - Blade Hands                    Transmutation                5
Comestibles
 c - a bread ration
 f - 2 chunks of flesh
 g - a meat ration


   Skills:
 - Level 1.0 Fighting
 - Level 2.0 Dodging
 + Level 3.5 Unarmed Combat
 - Level 2.0 Spellcasting
 - Level 2.0 Transmutations


You had 4 spell levels left.
You knew the following spells:

 Your Spells              Type           Power        Failure   Level  Hunger
a - Beastly Appendage     Tmut           #.....       10%         1    #......


Dungeon Overview and Level Annotations

Branches:
Dungeon (1/15)

Altars:


Innate Abilities, Weirdness & Mutations

You cannot wear most types of armour.
You are very stealthy in the water. (Stealth+)
You are amphibious.
You can wear up to eight rings at the same time.
You can use your tentacles to constrict eight enemies at once.
Your skin changes colour to match your surroundings (Stealth+).
Your rubbery body absorbs attacks. (AC +1, EV +1)
One of your tentacles bears a large vicious spike.


Message History

You are very lightly contaminated with residual magic.
The air around you crackles with energy!
The hobgoblin hits you. The goblin misses you.
Unknown command.
Casting: Beastly Appendage
Confirm with . or Enter, or press ? or * to list all spells.
You miscast Beastly Appendage.
Nothing appears to happen.
The hobgoblin hits you. The goblin misses you.
Casting: Beastly Appendage
Confirm with . or Enter, or press ? or * to list all spells.
One of your tentacles grows a vicious spike.
The hobgoblin misses you. The goblin hits you.
* * * LOW HITPOINT WARNING * * *
You tentacle-slap the hobgoblin but do no damage.
Your grab misses the hobgoblin.
Your tentacle spike misses the hobgoblin.
The hobgoblin hits you.
* * * LOW HITPOINT WARNING * * *
The goblin hits you.
You die...

.$. . #.#.# ##.#.##
### # #..... ..#
#.#..#.# #.#
#.#..#.###.# #.#
###.g........# #...
#...g@..# #.#.#
#.###.#.# ##.##)#
#.#)#######.###.##
..#...............
#.##.##.........#...##
#..............#....##
####.###.......##...#.
#. #.......##.....
#..............


You could see a hobgoblin and a goblin.

Vanquished Creatures
  A goblin (D:1)
  A hobgoblin (D:1)
  A bat (D:1)
  2 kobolds (D:1)
  4 rats (D:1)
9 creatures vanquished.

Notes
Turn   | Place    | Note
-------+----------+-------------------------------------------
     0 | D:1      | tehllama the Octopode Transmuter began the quest for the Orb.
     0 | D:1      | Reached XP level 1. HP: 13/13 MP: 3/3
   196 | D:1      | Reached XP level 2. HP: 14/18 MP: 5/5
   230 | D:1      | Slain by a goblin

Vault maps used:
D:1:      wheals_arrival_shading, tso_altar

Action                   || total
-------------------------++-------
Melee: Unarmed           ||    19
       Constrict         ||     5
       Kick              ||     3
       Tentacles         ||     2
 Cast: Beastly Appendage ||     4
 Stab: Sleeping          ||     2
Armor: Skin              ||     4
Dodge: Dodged            ||    13
